 Dungeon Crawl Stone Soup version 0.19.4-8-ga85b6b9 (webtiles) character file.

338 Naow the Caller (level 6, -7/32 HPs)
             Began as a Deep Elf Summoner on Feb 10, 2017.
             Mangled by an orc
             ... wielding a +0 flail
              (8 damage)
             ... on level 4 of the Dungeon.
             The game lasted 00:09:40 (5923 turns).

Naow the Caller (Deep Elf Summoner)                 Turns: 5923, Time: 00:09:40

Health: -7/32      AC:  3    Str:  5    XL:     6   Next: 29%
Magic:  7/15       EV: 14    Int: 22    God:
Gold:   162        SH:  0    Dex: 15    Spells: 4 memorised, 5 levels left

rFire  . . .     SeeInvis .     u - +2 dagger (protect)
rCold  . . .     Gourm    .     a - +0 robe
rNeg   . . .     Faith    .     (no shield)
rPois  .         Spirit   .     (no helmet)
rElec  .         Reflect  .     s - +0 cloak (curse)
rCorr  .         Harm     .     (no gloves)
MR     .....                    (no boots)
Stlth  ++........               (no amulet)
                                (no ring)
                                (no ring)

@: no status effects
A: no striking features
a: no special abilities


You were on level 4 of the Dungeon.
You were not hungry.

You visited 1 branch of the dungeon, and saw 4 of its levels.

You collected 162 gold pieces.

Inventory:

Hand Weapons
 g - a +4 dagger
 t - a +0 dagger of venom
 u - a +2 dagger of protection (weapon)
Armour
 a - a +0 robe (worn)
 r - a +0 pair of boots
 s - a cursed +0 cloak (worn)
Jewellery
 H - a cursed ring of loudness {unknown}
Wands
 q - a wand of flame (24/48)
 v - a wand of iceblast (6/15)
Scrolls
 d - a scroll of noise {unknown}
 f - 2 scrolls of enchant weapon {unknown}
 l - a scroll of random uselessness {unknown}
 m - 3 scrolls of remove curse {unknown}
 o - a scroll of teleportation {unknown}
 p - a scroll of blinking {unknown}
 y - a scroll of amnesia {unknown}
 C - 2 scrolls of enchant armour {unknown}
 E - 3 scrolls of identify {unknown}
 F - a scroll of fog {unknown}
Potions
 e - a potion of lignification
 j - a potion of flight {unknown}
 k - a potion of berserk rage {unknown}
 w - a potion of brilliance {unknown}
 z - a potion of agility {unknown}
 A - a potion of invisibility {unknown}
 B - a potion of magic {unknown}
 G - a potion of might {unknown}
Books
 b - a book of Callings

   Spells                             Type                      Level
   a - Summon Small Mammal            Summoning                    1
   b - Call Imp                       Summoning                    2
   c - Call Canine Familiar           Summoning                    3
   d - Summon Guardian Golem          Hexes/Summoning              3
   e - Summon Lightning Spire         Summoning/Air                4
   f - Summon Ice Beast               Ice/Summoning                4
Comestibles
 c - 3 bread rations
 h - 3 meat rations
 n - a slice of pizza
 x - 2 beef jerkies
 D - 4 fruits


   Skills:
 + Level 4.4 Dodging
 - Level 2.4 Stealth
 + Level 5.0 Spellcasting
 + Level 6.5 Summonings
 + Level 1.1 Air Magic


You had 5 spell levels left.
You knew the following spells:

 Your Spells              Type           Power        Failure   Level  Hunger
a - Summon Small Mammal   Summ           ####         1%          1    None
b - Call Imp              Summ           ####....     1%          2    None
c - Call Canine Familiar  Summ           ####....     1%          3    ##.....
d - Summon Lightning Spi  Summ/Air       ###.....     21%         4    ####...


Dungeon Overview and Level Annotations

Branches:
Dungeon (4/15)
 Temple: D:4-7

Altars:


Message History

Casting: Call Canine Familiar
Confirm with . or Enter, or press ? or * to list all spells.
A beastly little devil appears in a puff of frigid air.
The orc barely misses your hound.
The orc priest mumbles some strange prayers to Beogh against you.
Beogh smites you!
A hound comes into view.
Your crimson imp barely misses the orc.
Your hound barely misses the orc.
Casting: Call Imp
Confirm with . or Enter, or press ? or * to list all spells.
A beastly little devil appears in a puff of flame.
Your crimson imp says, "I bow to your vassalage, O grandiloquent and god-like master!"
Your hound barely misses the orc.
Something barely misses your hound.
The orc priest invokes the aid of Beogh against you.
Beogh smites you!
Ouch! That really hurt!
* * * LOW HITPOINT WARNING * * *
Your crimson imp blinks!
The orc hits you with a flail!
You die...

###..5555555........#....#
###.5...(................<..
##.55##.........o............
##.5#####..................)..
##.5####........#..............
###.5###........##o.#............
.....5.....####..h.###)#####.....
...)............5o§h.............
......#########.@.####...##......
......# #.#.# #.#.##5.....
####### #..#5####.#..##5....
5..##.......#.##..... ####
####....#........
#########.........#.####
..........#.......#.#...
########................
#............####


You could see a hound, an orc priest, 2 orcs, a friendly hound, 2 friendly
crimson imps and a friendly white imp.

Vanquished Creatures
  Robin (D:2)
  A dart slug (D:4)
  2 leopard geckos
  2 orcs (D:3)
  3 bats
  4 giant cockroaches
  3 goblins (D:2)
  A jackal (D:1)
  2 kobolds (D:2)
  A quokka (D:4)
20 creatures vanquished.

Vanquished Creatures (collateral kills)
  An ogre (D:4)
  A big kobold (D:4)
  Blork the orc (D:4)
  A scorpion (D:3)
  A howler monkey (D:4)
  A hound (D:4)
  Jessica (D:2)
  Ijyb (D:2)
  An iguana (D:4)
  A worker ant (D:3)
  6 adders
  An adder zombie (D:3)
  A worm (D:3)
  A dart slug (D:4)
  A leopard gecko (D:2)
  7 orcs
  A bat (D:1)
  3 giant cockroaches
  12 goblins
  8 hobgoblins
  6 jackals
  5 kobolds
  3 quokkas (D:4)
  A ball python (D:1)
  2 frilled lizards
  A jackal skeleton (D:4)
  4 rats
73 creatures vanquished.

Vanquished Creatures (others)
  An orc (D:3)
1 creature vanquished.

Grand Total: 94 creatures vanquished

Notes
Turn   | Place    | Note
-------+----------+-------------------------------------------
     0 | D:1      | Naow the Deep Elf Summoner began the quest for the Orb.
     0 | D:1      | Reached XP level 1. HP: 10/10 MP: 6/6
   550 | D:1      | Reached XP level 2. HP: 14/15 MP: 0/8
   714 | D:1      | Learned a level 2 spell: Call Imp
  1577 | D:2      | Noticed Jessica
  1583 | D:2      | Killed Jessica
  1583 | D:2      | Reached XP level 3. HP: 8/19 MP: 2/10
  1761 | D:2      | Learned a level 3 spell: Call Canine Familiar
  2242 | D:2      | Noticed Robin
  2245 | D:2      | Reached skill level 5 in Summonings
  2251 | D:2      | Killed Robin
  2818 | D:2      | Reached XP level 4. HP: 20/24 MP: 3/12
  2954 | D:2      | Noticed Ijyb
  3212 | D:2      | Killed Ijyb
  4547 | D:3      | Learned a level 4 spell: Summon Lightning Spire
  4554 | D:4      | Noticed an ogre
  4561 | D:4      | Reached XP level 5. HP: 26/28 MP: 0/13
  4725 | D:3      | Reached skill level 6 in Summonings
  5425 | D:4      | Noticed Blork the orc
  5451 | D:4      | Killed Blork the orc
  5451 | D:4      | Reached XP level 6. HP: 32/32 MP: 2/15
  5677 | D:4      | Reached skill level 5 in Spellcasting
  5677 | D:4      | Reached skill level 1 in Air Magic
  5922 | D:4      | HP: 1/32 [orc priest/divine providence (16)]
  5923 | D:4      | Mangled by an orc

Skill      XL: |  1  2  3  4  5  6 |
---------------+-------------------+-----
Dodging        | 3 4 |  4.4
Summonings     | 5 6 |  6.5
Spellcasting   | 4 5 |  5.0
Air Magic      | 1 |  1.1
Stealth        | |  2.4

Action                   |  1- 3 |  4- 6 || total
-------------------------+-------+-------++-------
Melee: Unarmed           |     4 |       ||     4
       Dagger            |    22 |    65 ||    87
 Cast: Summon Small Mamm |    58 |    30 ||    88
       Call Imp          |    29 |    48 ||    77
       Call Canine Famil |     7 |    15 ||    22
  Use: Potion            |       |     2 ||     2
 Stab: Distracted        |     1 |     1 ||     2
       Sleeping          |       |     3 ||     3
  Eat: Chunk             |     7 |    11 ||    18
Armor: Robe              |    18 |    26 ||    44
       Skin              |       |    30 ||    30
Dodge: Dodged            |    55 |    97 ||   152
